 Dungeon Crawl Stone Soup version 0.30.0-5-g1a98f26d00 (webtiles) character file.

Game seed: 4824043974653586561

33 cheesebisquit the Trooper (level 3, 0/31 HPs)
             Began as a Draconian Fire Elementalist on May 10, 2023.
             Slain by a goblin
             ... wielding a +0 club
             ... led by Robin
              (6 damage)
             ... on level 2 of the Dungeon.
             The game lasted 00:03:12 (1155 turns).

cheesebisquit the Trooper (DrFE)                    Turns: 1155, Time: 00:03:13

Health: 0/31       AC:  5    Str: 10    XL:     3   Next: 12%
Magic:  1/6        EV: 12    Int: 17    God:
Gold:   50         SH:  0    Dex: 11    Spells: 5/6 levels left

rFire   . . .        d - +0 mace
rCold   . . .        (no shield)
rNeg    . . .        (body armour unavailable)
rPois   .            (helmet restricted)
rElec   .            (no cloak)
rCorr   .            (no gloves)
SInv    .            (no boots)
Will    .....        (no amulet)
Stlth   ++           (no ring)
HPRegen 0.25/turn    (no ring)
MPRegen 0.10/turn

%: no passive effects
@: very slightly contaminated
A: AC +5, unfitting armour, cold-blooded
a: no special abilities


You were on level 2 of the Dungeon.
You visited 1 branch of the dungeon, and saw 2 of its levels.

You collected 50 gold pieces.

Inventory:

Hand Weapons
 d - a +0 mace (weapon)
Missiles
 c - 4 boomerangs
Scrolls
 f - a scroll of identify {unknown}
Potions
 a - a potion of magic
 b - a potion of brilliance {unknown}
 e - a potion of heal wounds {unknown}


   Skills:
 + Level 3.1 Fighting
 - Level 1.7 Dodging
 - Level 1.7 Stealth
 - Level 2.0 Spellcasting
 - Level 1.0 Conjurations
 - Level 3.0 Fire Magic


You had 5 spell levels left.
You knew the following spells:

 Your Spells              Type           Power      Damage    Failure   Level
a - Foxfire               Conj/Fire      32%        2x1d5     9%          1

Your spell library contained the following spells:

 Spells                   Type           Power      Damage    Failure   Level
 Scorch                   Fire           22%        2d6       9%          2
 Apportation              Tloc           2%         N/A       19%         1
 Necrotise                Necr           4%         1d4       19%         1
 Summon Small Mammal      Summ           4%         N/A       19%         1
 Inner Flame              Hex/Fire       6%         N/A       30%         3
 Volatile Blastmotes      Fire/Tloc      12%        2d11      30%         3
 Flame Wave               Conj/Fire      8%         2d5       63%         4


Dungeon Overview and Level Annotations

Branches:
Dungeon (2/15)

Altars:

Annotations:
D:2 Robin


Innate Abilities, Weirdness & Mutations

Your plain brown scales are hard. (AC +5)
You cannot fit into any form of body armour.
You are cold-blooded and may be slowed by cold attacks.


Message History

The foxfire hits the goblin.
You kill the goblin!
The goblin closely misses you.
You miscast Foxfire.
You are very lightly contaminated with residual magic.
Nothing appears to happen.
You closely miss the goblin. The goblin barely misses you.
Robin says, "Feeling lonely?"
Robin throws the goblin at you! The goblin misses you.
The goblin closely misses you. The goblin hits you with a +0 dagger.
You conjure some foxfire!
The goblin hits you with a +0 club. The goblin closely misses you.
The goblin hits you with a +0 dagger. Robin barely misses you.
You closely miss Robin.
The foxfire hits the goblin.
The goblin is severely wounded.
The foxfire hits the goblin.
The goblin is heavily wounded.
The goblin hits you but does no damage. The goblin barely misses you.
The goblin hits you with a +0 club. Robin hits you with a +0 mace.
* * * LOW HITPOINT WARNING * * *
You are too injured to fight recklessly!
Casting: Foxfire (safe; 9% risk of failure)
Press: ? - help, Q - select action, (/) - cycle Dir - look around, f - activate You conjure some foxfire!
The goblin no longer looks unusually strong.
The goblin hits you with a +0 club.
* * * LOW HITPOINT WARNING * * *
The goblin completely misses you. The goblin barely misses you.
Robin says, "Duck!"
You hit the goblin.
The goblin is severely wounded.
The foxfire hits the goblin.
You kill the goblin!
The foxfire hits the goblin.
You kill the goblin!
Robin says, "Kneel, worm!"
Robin roars a battlecry!
The goblin goes into a battle-frenzy!
The goblin hits you with a +0 club.
You die...

#....#.#...###
#...#(........
#.###.....###########
#...###......†......
#####....###......#
#..#....# #......#
#...#.#####......# #
#.......#.'.g....# .#
###.#...#.#.)@)..#
..#
#....####.###g####
.g.# ####....#
#..##g#####lgg.##
#...#.###
#..##lg.gggg.....
#.......#
#..########gg..##
###.#...# #..# .g.#
#....#..# #..# ..#
#....#..# #..# ##
...###.... ...#


You could see Robin, a gnoll, a hobgoblin (strong), a goblin (strong) and a
frilled lizard.

Vanquished Creatures
  An adder (D:2)
  A dart slug (D:2)
  2 ball pythons
  2 bats (D:2)
  A giant cockroach (D:1)
  5 goblins
  4 hobgoblins
  A kobold (D:2)
  2 quokkas (D:1)
  2 rats (D:1)
21 creatures vanquished.

Vanquished Creatures (others)
  58 foxfires
58 creatures vanquished.

Grand Total: 79 creatures vanquished

Notes
Turn   | Place    | Note
-------+----------+-------------------------------------------
     0 | D:1      | cheesebisquit the Draconian Fire Elementalist began the
                  | quest for the Orb.
     0 | D:1      | Reached XP level 1. HP: 14/14 MP: 3/3
   121 | D:1      | Reached skill level 1 in Fighting
   337 | D:1      | Found a faded altar of an unknown god.
   502 | D:1      | Reached XP level 2. HP: 24/24 MP: 3/5
   994 | D:2      | Reached XP level 3. HP: 31/31 MP: 3/6
  1137 | D:2      | Noticed Robin
  1155 | D:2      | Slain by a goblin

Illustrated notes

Levels and vault maps discovered:
D:1:      dpeg_arrival_rooms_c, layout_basic, dreamdust_ecumenical_altar_grove
D:2:      cheibrodos_greedy_goblins, layout_basic, hangedman_decor_push,
          uniq_sigmund, uniq_robin

Skill      XL: |  1  2 |
---------------+-------+-----
Fighting       | 1 3 |  3.1
Dodging        | |  1.7
Stealth        | |  1.7
Spellcasting   | |  2.0
Conjurations   | |  1.0
Fire Magic     | |  3.0

Action                     || total
---------------------------++-------
  Melee: Unarmed           ||    13
         Mace              ||    14
         Tailslap          ||     1
   Cast: Foxfire           ||    35
 Armour: Skin              ||     8
  Dodge: Dodged            ||    39
